 Dungeon Crawl Stone Soup version 0.27.1-16-g815e20cd7a (webtiles) character file.

Game seed: 11358827737438620372

106 skianderson the Skirmisher (level 4, -6/40 HPs)
             Began as a Ghoul Monk on Aug 15, 2021.
             Mangled by Grinder (7 damage)
             ... on level 3 of the Dungeon on Nov 23, 2021.
             The game lasted 00:21:33 (1926 turns).

skianderson the Skirmisher (Ghoul Monk)             Turns: 1926, Time: 00:21:34

Health: -6/40      AC:  6    Str: 15    XL:     4   Next: 84%
Magic:  3/3        EV: 10    Int:  5    God:
Gold:   155        SH:  0    Dex: 11    Spells: 3/3 levels left

rFire    . . .     SeeInvis .   g - +2 dagger (flame)
rCold    + . .     Faith    .   (no shield)
rNeg     + + +     Spirit   .   k - +0 scale mail
rPois    ∞         Reflect  .   (no helmet)
rElec    .         Harm     .   (no cloak)
rCorr    .         Rampage  .   (no gloves)
Will     .....                  (no boots)
Stlth    +.........             (no amulet)
HPRegen  0.00/turn              (no ring)
MPRegen  0.08/turn              (no ring)

@: inhibited regen
A: claws 1, cold resistance 1, negative energy resistance 3, inhibited
regeneration, torment resistance 2
a: no special abilities


You were on level 3 of the Dungeon.
You visited 1 branch of the dungeon, and saw 3 of its levels.

You collected 155 gold pieces.

Inventory:

Hand Weapons
 g - a +2 dagger of flaming (weapon)
 h - a +0 whip
 s - a +0 hunting sling
Missiles
 o - 14 arrows
 p - 11 bolts
Armour
 a - a +0 robe
 c - a +0 leather armour
 k - a +0 scale mail (worn)
 n - a +0 helmet
 r - a +0 scale mail
Scrolls
 b - 2 scrolls of identify {unknown}
 e - a scroll of brand weapon {unknown}
 i - a scroll of blinking {unknown}
 l - a scroll of teleportation {unknown}
 m - a scroll of holy word {unknown}
Potions
 d - a potion of attraction {unknown}
 f - a potion of haste {unknown}
 j - a potion of invisibility {unknown}
 q - a potion of might {unknown}
 t - a potion of curing {unknown}


   Skills:
 + Level 4.1 Fighting
 + Level 1.2 Short Blades
 + Level 1.2 Armour
 + Level 3.2 Dodging
 + Level 2.4 Stealth
 + Level 3.8 Unarmed Combat


You had 3 spell levels left.
You didn't know any spells.
Your spell library was empty.

Dungeon Overview and Level Annotations

Branches:
Dungeon (3/15)

Altars:

Annotations:
D:3 Grinder


Innate Abilities, Weirdness & Mutations

You thrive by killing the living.
You are immune to poison.
You have sharp fingernails.
Your flesh is cold resistant. (rC+)
You are immune to negative energy. (rN+++)
You do not regenerate when monsters are visible.
You are immune to unholy pain and torment.


Message History

You can move again.
You hit Grinder. You burn Grinder.
Grinder is heavily wounded.
Grinder hits you but does no damage.
You hit Grinder. You burn Grinder.
Grinder is severely wounded.
Grinder hits you but does no damage.
You hit Grinder. You burn Grinder.
Grinder is severely wounded.
Grinder blinks!
Grinder blinks!
You barely miss Grinder.
Grinder is severely wounded.
Grinder hits you.
You barely miss Grinder.
Grinder is severely wounded.
Grinder completely misses you.
You hit Grinder. You burn Grinder.
Grinder is severely wounded.
Grinder barely misses you.
You hit Grinder but do no damage. You claw Grinder.
Grinder is almost dead.
Grinder hits you.
You barely miss Grinder.
Grinder is almost dead.
Grinder hits you.
* * * LOW HITPOINT WARNING * * *
You hit Grinder but do no damage.
Grinder is almost dead.
Grinder hits you!
* * * LOW HITPOINT WARNING * * *
You hit Grinder but do no damage.
Grinder is almost dead.
Grinder closely misses you.
You barely miss Grinder.
Grinder is almost dead.
You barely miss Grinder.
Grinder is almost dead.
Grinder hits you!
You die...

#........# #.# #.#
#..)...############.#
##.>................#
####...#############
###.# #.# #.# #.#
#@######## #5.......#
########.#


You could see Grinder.

Vanquished Creatures
  An iguana (D:3)
  3 adders (D:2)
  5 ball pythons
  2 bats (D:1)
  4 endoplasms
  2 giant cockroaches
  2 goblins (D:1)
  5 hobgoblins
  5 jackals (D:1)
  4 kobolds
  3 quokkas
  5 frilled lizards
  8 rats
49 creatures vanquished.

Vanquished Creatures (others)
  17 fungi (D:1)
  11 plants (D:1)
  2 toadstools (D:1)
30 creatures vanquished.

Grand Total: 79 creatures vanquished

Notes
Turn   | Place    | Note
-------+----------+-------------------------------------------
     0 | D:1      | skianderson the Ghoul Monk began the quest for the Orb.
     0 | D:1      | Reached XP level 1. HP: 19/19 MP: 0/0
     6 | D:1      | Noticed an iguana
     6 | D:1      | Noticed a black bear
     6 | D:1      | Noticed a scorpion
     7 | D:1      | Noticed a six-headed hydra
     7 | D:1      | Noticed a salamander
   272 | D:1      | Reached XP level 2. HP: 26/26 MP: 1/1
   444 | D:1      | Found a faded altar of an unknown god.
   592 | D:1      | Reached XP level 3. HP: 33/33 MP: 2/2
   708 | D:1      | Reached skill level 4 in Fighting
  1123 | D:2      | Upgraded the game from 0.27.0-1-g7a089689b8 to
                  | 0.27.1-16-g815e20cd7a
  1319 | D:2      | Reached XP level 4. HP: 39/40 MP: 3/3
  1538 | D:2      | Reached skill level 1 in Armour
  1770 | D:3      | Reached skill level 1 in Short Blades
  1883 | D:3      | Noticed Grinder
  1890 | D:3      | Paralysed by Grinder for 5 turns
  1904 | D:3      | Paralysed by Grinder for 4 turns
  1923 | D:3      | HP: 1/40 [Grinder (8)]
  1926 | D:3      | Mangled by Grinder

Illustrated notes

Levels and vault maps discovered:
D:1:      onia_arrival_zoo_common, layout_loops_ring,
          shapermc_ecumenical_altar_mp_ritualfount, minmay_gold_behind_fungi,
          hangedman_feature_mirror
D:2:      layout_loops_cross
D:3:      layout_basic, uniq_grinder

Skill      XL: |  1  2  3  4 |
---------------+-------------+-----
Dodging        | 3 |  3.2
Fighting       | 4 |  4.1
Armour         | 1 |  1.2
Short Blades   | 1 |  1.2
Stealth        | |  2.4
Unarmed Combat | |  3.8

Action                   |  1- 3 |  4- 6 || total
-------------------------+-------+-------++-------
Melee: Unarmed           |    23 |       ||    23
       Punch             |     5 |     2 ||     7
       Dagger            |   132 |    54 ||   186
 Stab: Sleeping          |     2 |       ||     2
Armor: Robe              |     1 |       ||     1
       Leather armour    |     9 |       ||     9
       Scale mail        |    12 |    17 ||    29
Dodge: Dodged            |    61 |    21 ||    82
